 Dungeon Crawl Stone Soup version 0.26.1-11-gd32895ea62 (webtiles) character file.

Game seed: 16183580542111167554

41 H0rd4k the Charlatan (level 3, 0/26 HPs)
             Began as a Human Artificer on Apr 20, 2021.
             Succumbed to an adder's poison
             ... on level 2 of the Dungeon.
             The game lasted 00:01:30 (2102 turns).

H0rd4k the Charlatan (Human Artificer)              Turns: 2102, Time: 00:01:31

Health: 0/26       AC:  3    Str: 13    XL:     3   Next: 75%
Magic:  1/3        EV: 11    Int: 11    God:
Gold:   77         SH:  0    Dex: 13    Spells: 2/2 levels left

rFire    + . .     SeeInvis .   f - +0 short sword
rCold    . . .     Faith    .   (no shield)
rNeg     . . .     Spirit   +   b - +0 leather armour
rPois    .         Reflect  .   (no helmet)
rElec    .         Harm     .   (no cloak)
rCorr    .         Rampage  .   (no gloves)
Will     .....                  (no boots)
Stlth    +.........             i - amulet of guardian spirit
HPRegen  0.08/turn              l - ring of protection from fire
MPRegen  0.08/turn              (no ring)

@: lethally poisoned (0 -> -10)
A: no striking features
a: no special abilities


You were on level 2 of the Dungeon.
You visited 1 branch of the dungeon, and saw 2 of its levels.

You collected 77 gold pieces.

Inventory:

Hand Weapons
 f - a +0 short sword (weapon)
Missiles
 m - 13 poisoned darts
Armour
 b - a +0 leather armour (worn)
Jewellery
 i - an amulet of guardian spirit (around neck)
 l - a ring of protection from fire (left hand)
Wands
 c - a wand of flame (11) (quivered)
 d - a wand of enslavement (15)
 e - a wand of random effects (15)
Scrolls
 g - a scroll of remove curse
 j - a scroll of teleportation {unknown}
Potions
 a - a potion of cancellation
 h - 3 potions of heal wounds {unknown}
 k - 2 potions of might {unknown}


   Skills:
 + Level 1.1 Fighting
 + Level 1.3 Short Blades
 + Level 2.4 Armour
 + Level 1.2 Dodging
 + Level 1.1 Stealth
 + Level 3.6 Evocations


You had 2 spell levels left.
You didn't know any spells.
Your spell library was empty.

Dungeon Overview and Level Annotations

Branches:
Dungeon (2/15)

Altars:
Ru

Annotations:
D:1 exclusion: downstairs


Message History

The adder misses you.
You miss the adder. The adder barely misses you.
You hit the adder.
The adder is lightly wounded.
* * * LOW HITPOINT WARNING * * *
You feel sick. The adder bites you.
* * * LOW HITPOINT WARNING * * *
You are more poisoned.
The adder poisons you!
Aiming: Throw Flame
Press: ? - help, Shift-Dir - straight line, f - adder
Aim: an adder (lightly wounded, 47% to evade)
The puff of flame hits the adder!
The adder is almost dead.
The adder closely misses you. The adder bites you but does no damage.
Unknown command.
Okay, then.
Unknown command.
It was a potion of cancellation.
You feel magically purged.
You die...

#...##... ##...##...
#....##### ##....# ##
.######## ##.....## #.
......$.# ##.#.#...# #.
........# ####.#.#....# #.
........###..†#...#..>###.
....(...S@...#.)...#.##...
##+########..#.≈≈≈.#.##...
#.†#≈...≈#.##...
#..#≈._.≈#.##...
#..#≈...≈#.##...
#..#.≈≈≈.#(##...
#..#.....#.##...
#...#...#.###...
####.#.#.## #...


You could see an adder.

Vanquished Creatures
  An adder (D:2)
  An ooze (D:1)
  A dart slug (D:1)
  4 bats
  2 giant cockroaches (D:2)
  4 hobgoblins
  A ball python (D:2)
  A frilled lizard (D:1)
  3 goblins
  5 kobolds
  3 rats
26 creatures vanquished.

Notes
Turn   | Place    | Note
-------+----------+-------------------------------------------
     0 | D:1      | H0rd4k the Human Artificer began the quest for the Orb.
     0 | D:1      | Reached XP level 1. HP: 15/15 MP: 1/1
   501 | D:1      | Reached XP level 2. HP: 12/21 MP: 2/2
  1425 | D:2      | Reached skill level 1 in Short Blades
  1425 | D:2      | Reached XP level 3. HP: 15/26 MP: 3/3
  1967 | D:2      | Found a sacrificial altar of Ru.
  2100 | D:2      | HP: 1/26 [adder (2)]
  2102 | D:2      | Succumbed to an adder's poison

Illustrated notes

Levels and vault maps discovered:
D:1:      dpeg_arrival_shrine, layout_loops_cross, minmay_pentomino_o2
D:2:      layout_basic, grunt_temple_overflow_diamond, nicolae_ru_awakened_eye,
          uniq_robin

Skill      XL: |  1  2 |
---------------+-------+-----
Short Blades   | 1 |  1.3
Fighting       | |  1.1
Armour         | |  2.4
Dodging        | |  1.2
Stealth        | |  1.1
Evocations     | |  3.6

Action                   || total
-------------------------++-------
Melee: Short sword       ||   109
       Club              ||     3
Evoke: Wand              ||     4
  Use: Scroll            ||     2
       Potion            ||     1
 Stab: Sleeping          ||     1
Armor: Leather armour    ||    41
Dodge: Dodged            ||    87
